 Dungeon Crawl Stone Soup version 0.28-a0-1389-gc726bef33b (webtiles) character file.

Game seed: 9989737289016374783

226 tilp the Chiller (level 5, 21/21 HPs)
             Began as a Felid Ice Elementalist on Jan 3, 2022.
             Was an Initiate of Dithmenos.
             Quit the game on level 4 of the Dungeon.
             The game lasted 00:08:16 (6476 turns).

tilp the Chiller (Felid Ice Elementalist)           Turns: 6476, Time: 00:08:16

Health: 21/21      AC:  2    Str:  4    XL:     5   Next: 69%
Magic:  19/19      EV: 17    Int: 19    God:    Dithmenos [......]
Gold:   156        SH:  0    Dex: 16    Spells: 3/10 levels left
                                        Lives:  0   Deaths: 1

rFire   . . .      SeeInvis +   (weapon unavailable)
rCold   . . .      Faith    .   (shield unavailable)
rNeg    . . .      Spirit   .   (armour unavailable)
rPois   .          Reflect  .   (helmet unavailable)
rElec   .          Harm     .   (cloak unavailable)
rCorr   .          Rampage  .   (gloves unavailable)
Will    .....                   (boots unavailable)
Stlth   ++........              (no amulet)
HPRegen 0.07/turn               b - ring of magical power
MPRegen 0.16/turn               (no ring)

@: quick
A: very small, claws 1, fangs 3, see invisible, speed 1, shaggy fur 2, stealthy
paws, no weapons or thrown items, no armour, multi-lived
a: Renounce Religion


You were on level 4 of the Dungeon.
You worshipped Dithmenos.
Dithmenos was noncommittal.
You visited 1 branch of the dungeon, and saw 4 of its levels.

You collected 156 gold pieces.

Inventory:

Jewellery
 b - a ring of magical power (left paw)
 m - a ring of wizardry
Wands
 g - a wand of paralysis (8)
 h - a wand of flame (11)
Scrolls
 j - a scroll of magic mapping {unknown}
 k - a scroll of torment {unknown}
 o - a scroll of enchant armour {unknown}
Potions
 a - 2 potions of flight {unknown}
 c - a potion of haste
 d - a potion of ambrosia {unknown}
 e - 3 potions of curing
 f - a potion of magic {unknown}
 i - a potion of cancellation {unknown}
 l - a potion of invisibility {unknown}
 n - a potion of brilliance {unknown}


   Skills:
 + Level 0.1 Fighting
 + Level 2.7 Dodging
 + Level 2.8 Stealth
 + Level 0.2 Unarmed Combat
 - Level 3.0 Spellcasting
 - Level 6.0 Ice Magic
 - Level 4.0 Evocations


You had 3 spell levels left.
You knew the following spells:

 Your Spells              Type           Power      Damage    Failure   Level
a - Freeze                Ice            100%       1d11      1%          1
b - Frozen Ramparts       Ice            50%        1d7       3%          3
c - Ozocubu's Armour      Ice            25%        N/A       3%          3

Your spell library contained the following spells:

 Spells                   Type           Power      Damage    Failure   Level
 Animate Skeleton         Necr           4%         N/A       16%         1
 Apportation              Tloc           4%         N/A       16%         1
 Summon Small Mammal      Summ           8%         N/A       16%         1
 Hailstorm                Conj/Ice       14%        3d5       41%         4


Dungeon Overview and Level Annotations

Branches:
Dungeon (4/15)             Temple (0/1) D:4

Altars:
Dithmenos
Sif Muna

Annotations:
D:2 1 runed translucent door, Crazy Yiuf


Innate Abilities, Weirdness & Mutations

You have sharp claws.
You have razor-sharp teeth.
You have supernaturally acute eyesight. (SInv)
You cover ground quickly. (Speed+)
You are covered in thick fur. (AC +2)
Your paws help you pounce on unaware monsters.
You are incapable of wielding weapons or throwing items.
You cannot wear armour.
You gain extra lives every three experience levels.


Message History

The ogre closely misses you.
Unknown command.
Casting: Freeze (safe; 1% risk of failure)
Confirm with . or Enter, or press ? or * to list all spells.
The spell is quite dangerous to miscast (3% risk of failure)!
Continue anyway?
Okay, then.
Unknown command.
Casting: Frozen Ramparts (quite dangerous; 3% risk of failure)
Confirm with . or Enter, or press ? or * to list all spells.
The spell is quite dangerous to miscast (3% risk of failure)!
Continue anyway?
A film of ice covers your body! The ogre hits you with a +0 giant club!
Ouch! That really hurt!
Unknown command.
Unknown command.
Casting: Ozocubu's Armour (quite dangerous; 3% risk of failure)
Confirm with . or Enter, or press ? or * to list all spells.
The spell is quite dangerous to miscast (3% risk of failure)!
Continue anyway?
Okay, then.
Unknown command.
Casting: Frozen Ramparts (quite dangerous; 3% risk of failure)
Confirm with . or Enter, or press ? or * to list all spells.
The spell is quite dangerous to miscast (3% risk of failure)!
Continue anyway?
Casting: Frozen Ramparts (quite dangerous; 3% risk of failure)
Press: ? - help, Dir - look around, f - activate The walls around you are covered in ice.
Unknown command.
Casting: Frozen Ramparts (quite dangerous; 3% risk of failure)
Confirm with . or Enter, or press ? or * to list all spells.
Aiming: Freeze (safe; 1% risk of failure)
Press: ? - help, Shift-Dir - straight line, f - ogre
Aim: an ogre, wielding a +0 giant club (heavily wounded)
You freeze the ogre!
The ogre is severely wounded.
The wall freezes the ogre.
The ogre hits you with a +0 giant club!
Ouch! That really hurt!
You die...
You are now level 5!
You rejoin the land of the living...
Unknown command.
Are you sure you want to abandon this character and quit the game? (Confirm with "yes".)

ยง...# #.....####....
...## ##..#...#....##
..## ##..###........#
#.## ##..## ##.#####..
#..###..## #...#
##.##..## #...# ##.....#
##...# #.....## #....##
#..##..# ##.#..@####
..###..## #..##...#.#
.#####..###.####....###
.###........# #...#..###
......####..####..####..#
#...### ##..#...## ##.#
#...## ##.......####.##
.....## #............##
......####..##...######


There were no monsters in sight!

Vanquished Creatures
  A water moccasin (D:4)
  A water moccasin skeleton (D:4)
  2 orc priests
  An orc wizard (D:4)
  Natasha (thrice) (D:3)
  A hound skeleton (D:4)
  An adder (D:3)
  2 ufetubi
  An adder skeleton (D:4)
  A dart slug (D:3)
  11 orcs
  7 ball pythons
  13 endoplasms
  5 giant cockroaches
  4 hobgoblins
  7 jackals (D:3)
  A quokka (D:3)
  3 bats
  5 frilled lizards
  3 goblins
  8 kobolds
  4 rats
85 creatures vanquished.

Notes
Turn   | Place    | Note
-------+----------+-------------------------------------------
     0 | D:1      | tilp the Felid Ice Elementalist began the quest for the
                  | Orb.
     0 | D:1      | Reached XP level 1. HP: 7/7 MP: 4/4
   437 | D:1      | Reached XP level 2. HP: 11/11 MP: 6/6
   493 | D:1      | Reached skill level 4 in Ice Magic
  1709 | D:2      | Reached XP level 3. HP: 11/14 MP: 7/7
  1713 | D:2      | Learned a level 3 spell: Frozen Ramparts
  1809 | D:2      | Found a runed translucent door.
  1810 | D:2      | Noticed Crazy Yiuf
  1838 | D:2      | Found a faded altar of an unknown god.
  2006 | D:2      | Identified the +0 hat of Jaef {rPois Regen+}
  2636 | D:2      | Learned a level 3 spell: Ozocubu's Armour
  2982 | D:3      | Found a shadowy altar of Dithmenos.
  3011 | D:3      | Noticed Natasha
  3026 | D:3      | Killed Natasha
  3062 | D:3      | Noticed Natasha
  3301 | D:3      | Killed Natasha
  3302 | D:3      | Reached XP level 4. HP: 18/18 MP: 9/9
  3381 | D:3      | Noticed Natasha
  3397 | D:3      | Killed Natasha
  3398 | D:3      | Reached skill level 5 in Ice Magic
  3635 | D:3      | Reached XP level 5. HP: 8/21 MP: 10/10
  4032 | D:3      | Noticed a phantom
  4124 | D:3      | Found a shimmering blue altar of Sif Muna.
  4316 | D:3      | Became a worshipper of Dithmenos the Shadowed
  5579 | D:4      | Reached skill level 6 in Ice Magic
  5579 | D:4      | Reached skill level 1 in Evocations
  5649 | D:4      | Noticed a water moccasin
  5721 | D:4      | Gained mutation: You are covered in thick fur. (AC +2)
                  | [Felid growth]
  5721 | D:4      | Reached XP level 6. HP: 16/24 MP: 11/11
  5863 | D:4      | Found a staircase to the Ecumenical Temple.
  6150 | D:4      | Killed a water moccasin
  6475 | D:4      | Slain by an ogre
  6476 | D:4      | Reached XP level 5. HP: -3/21 MP: 12/19
  6476 | D:4      | Quit the game

Illustrated notes

Levels and vault maps discovered:
D:1:      co_arrival_square_in_a_square_in_a_square, layout_basic,
          minmay_misc_feat_diagonals, minmay_misc_feat_rows
D:2:      layout_loops_cross, shapermc_ecumenical_altar_gd,
          uniq_crazy_yiuf_cottage
D:3:      layout_basic, mainiacjoe_overflow_concentric_impassable,
          nicolae_overflow_hidden_temple, uniq_natasha
D:4:      layout_layer_cave, lemuel_zombie_altar_yredelemnul,
          minmay_temple_entry_purple_smoke, minmay_manual_macuahuitl

Skill      XL: |  1  2  3  4  5  6 |
---------------+-------------------+-----
Ice Magic      | 4 5 6 |  6.0
Spellcasting   | 3 |  3.0
Evocations     | 2 4 |  4.0
Fighting       | |  0.1
Dodging        | |  2.7
Stealth        | |  2.8
Unarmed Combat | |  0.2

Action                   |  1- 3 |  4- 6 || total
-------------------------+-------+-------++-------
Melee: Unarmed           |    38 |    42 ||    80
       Bite              |     4 |     5 ||     9
 Cast: Freeze            |    45 |    42 ||    87
       Frozen Ramparts   |       |    12 ||    12
       Ozocubu's Armour  |       |    10 ||    10
Evoke: Wand              |     2 |     1 ||     3
  Use: Scroll            |     2 |     2 ||     4
 Stab: Sleeping          |    12 |     4 ||    16
Armor: Skin              |     5 |    11 ||    16
Dodge: Dodged            |    53 |    70 ||   123

Table legend: (Time is in decaauts)
 A = Elapsed time spent in this place.
 B = Non-inter-level travel time spent in this place.
 C = Inter-level travel time spent in this place.
 D = Time resting spent in this place.
 E = Time spent auto-exploring this place.
 F = Levels seen in this place.
 G = Mean time per level.
                   A        B        C        D        E       F      G
               +--------+--------+--------+--------+--------+-----+--------+
         Total |   5880 |   5682 |    198 |   1741 |   3044 |   4 | 1470.0 |
       Dungeon |   5880 |   5682 |    198 |   1741 |   3044 |   4 | 1470.0 |
               +--------+--------+--------+--------+--------+-----+--------+

Top non-repeatable levels by time:
     D:3: 2366 daAuts
     D:1: 1551 daAuts
     D:2: 1128 daAuts
     D:4: 833 daAuts
